 Dungeon Crawl Stone Soup version 0.30-a0-949-g53dc5368d7 (webtiles) character file.

Game seed: 12250835923242960107

1601049 Sobieck the Petrodigitator (level 27, 248/248 HPs)
             Began as a Ghoul Earth Elementalist on Mar 26, 2023.
             Was the Champion of Vehumet.
             Escaped with the Orb
             ... and 3 runes on Mar 27, 2023!
             The game lasted 04:27:59 (78371 turns).

Sobieck the Petrodigitator (GhEE)                  Turns: 78371, Time: 04:27:59

Health: 248/248    AC: 19    Str: 17      XL:     27
Magic:  56/56      EV: 14    Int: 24 (28) God:    Vehumet [******]
Gold:   10469      SH:  5    Dex:  7 (11) Spells: 13/68 levels left

rFire   + + +      SeeInvis +    b - staff of cold {!astaff}
rCold   + + +      Faith    .    o - +3 buckler {rF+}
rNeg    + + +      Spirit   .    D - +5 faerie dragon scales {rC++ rCorr}
rPois   ∞          Reflect  .    g - +2 helmet {Int+3}
rElec   .          Rampage  .    N - +2 cloak of the Thief {*Fog Slay-2 SInv Stlth+}
rCorr   +                        J - +0 pair of gloves of Blue Skies {Drain Will+++ Regen+ MP+9}
Will    +++++                    V - +0 pair of boots of Somewhere Else {rCorr Dex+2 Stlth+}
Stlth   +                        L - amulet of Vitality {RegenMP++ Regen++}
HPRegen 3.01/turn                f - ring "Arixilic" {Wiz Str+3 Int+5}
MPRegen 1.15/turn                z - ring of Sugoa {+Blink rF+++ rN+ rCorr Str-2}

@: studying Unarmed Combat
A: claws 1, cold resistance 1, negative energy resistance 3, inhibited
regeneration, torment resistance 2, devour on kill
0: Orb of Zot
}: 3/15 runes: decaying, serpentine, silver
a: Renounce Religion, Evoke Blink


You escaped.
You worshipped Vehumet.
Vehumet was exalted by your worship.
You visited 11 branches of the dungeon, and saw 51 of its levels.
You visited 1 bazaar.

You collected 11435 gold pieces.
You spent 966 gold pieces at shops.


Innate Abilities, Weirdness & Mutations

You are immune to poison.
You have sharp fingernails.
Your flesh is cold resistant. (rC+)
You are immune to negative energy. (rN+++)
You do not regenerate when monsters are visible.
You are immune to unholy pain and torment.
You thrive by killing the living.


   Skills:
 + Level 20.5 Fighting
 - Level 7.1 Short Blades
 + Level 14.4 Dodging
 - Level 2.1 Stealth
 + Level 21.1 Spellcasting
 - Level 8.0 Conjurations
 - Level 4.0 Necromancy
 - Level 0.8 Transmutations
 O Level 27 Ice Magic
 O Level 27 Earth Magic


You had 13 spell levels left.
You knew the following spells:

 Your Spells              Type           Power      Damage    Failure   Level
a - Shatter               Erth           50%        3d38*     1%          9
b - Polar Vortex          Ice            62%        N/A       1%          9
c - Stone Arrow           Conj/Erth      100%       3d13      0%          3
d - Freezing Cloud        Conj/Ice/Air   44%        6-21      1%          5
e - Passwall              Tmut/Erth      62%        N/A       0%          2
f - Borgnjor's Vile Clut  Necr/Erth      39%        N/A       1%          5
g - Iron Shot             Conj/Erth      41%        9d8       1%          6
h - Sandblast             Erth           100%       2d20      0%          1
i - Ozocubu's Refrigerat  Ice            62%        4d21      1%          7
j - Lehudib's Crystal Sp  Conj/Erth      41%        10d10     1%          8

Your spell library contained the following spells:

 Spells                   Type           Power      Damage    Failure   Level
 Fire Storm               Conj/Fire      22%        8d6       100%        9
 Freeze                   Ice            100%       1d10      0%          1
 Ensorcelled Hibernation  Hex/Ice        100%       N/A       0%          2
 Frozen Ramparts          Ice            100%       1d16      0%          3
 Hailstorm                Conj/Ice       100%       3d20      0%          3
 Ozocubu's Armour         Ice            100%       N/A       0%          3
 Lee's Rapid Deconstruct  Erth           50%        3d24*     0%          5
 Kiss of Death            Conj/Necr      100%       2d13      1%          1
 Magic Dart               Conj           100%       1d8       1%          1
 Necrotise                Necr           100%       1d9       1%          1
 Shock                    Conj/Air       100%       1d9       1%          1
 Sting                    Tmut/Pois      100%       1d8       1%          1
 Blink                    Tloc           50%        N/A       1%          2
 Call Imp                 Summ           25%        N/A       1%          2
 Cigotuvi's Dreadful Rot  Necr/Pois/Air  62%        N/A       1%          2
 Lesser Beckoning         Tloc           50%        N/A       1%          2
 Momentum Strike          Conj/Tloc      88%        3d10      1%          2
 Searing Ray              Conj           100%       2d8       1%          2
 Dazzling Flash           Conj/Hex       88%        N/A       1%          3
 Ignite Poison            Fire/Tmut/Pois 26%        N/A       1%          3
 Inner Flame              Hex/Fire       25%        N/A       1%          3
 Kindle Blastsparks       Fire/Tloc/Air  50%        2d14      1%          3
 Mephitic Cloud           Conj/Pois/Air  38%        N/A       1%          3
 Vampiric Draining        Necr           44%        2d9       1%          3
 Animate Armour           Summ/Erth      100%       N/A       1%          4
 Flame Wave               Conj/Fire      44%        2d11      1%          4
 Fulminant Prism          Conj/Hex       22%        3d12      1%          4
 Iskenderun's Mystic Bla  Conj/Tloc      44%        2d10      1%          4
 Leda's Liquefaction      Hex/Erth       37%        N/A       1%          4
 Petrify                  Tmut/Erth      75%        N/A       1%          4
 Sticky Flame             Conj/Fire      44%        2d6       1%          4
 Summon Ice Beast         Ice/Summ       94%        N/A       1%          4
 Irradiate                Conj/Tmut      23%        3d19      1%          5
 Metabolic Englaciation   Hex/Ice        47%        N/A       1%          5
 Animate Dead             Necr           44%        N/A       2%          4
 Dispel Undead            Necr           44%        3d17      2%          4
 Fireball                 Conj/Fire      22%        3d10      2%          5
 Call Canine Familiar     Summ           25%        N/A       4%          3
 Confusing Touch          Hex            25%        N/A       4%          3
 Gell's Gravitas          Tloc           25%        N/A       4%          3
 Portal Projectile        Hex/Tloc       50%        N/A       4%          3
 Swiftness                Air            25%        N/A       4%          3
 Teleport Other           Tloc           25%        N/A       4%          3
 Tukima's Dance           Hex            25%        N/A       4%          3
 Vhi's Electric Charge    Tloc/Air       50%        N/A       4%          3
 Airstrike                Air            12%        2d(2-18)  4%          4
 Olgreb's Toxic Radiance  Pois           25%        N/A       4%          4
 Agony                    Necr           44%        N/A       7%          5
 Yara's Violent Unravell  Hex/Tmut       13%        3d7       9%          5
 Plasma Beam              Fire/Air       12%        2x1d26    10%         5
 Starburst                Conj/Fire      22%        6d7       11%         6
 Manifold Assault         Tloc           25%        N/A       13%         4
 Summon Lightning Spire   Summ/Air       25%        N/A       13%         4
 Alistair's Intoxication  Tmut/Pois      18%        N/A       28%         5
 Silence                  Hex/Air        12%        N/A       32%         5
 Summon Mana Viper        Hex/Summ       25%        N/A       32%         5
 Death Channel            Necr           22%        N/A       34%         6
 Eringya's Noxious Bog    Tmut/Pois      13%        N/A       36%         6
 Dispersal                Tloc           12%        N/A       86%         6
 Summon Cactus Giant      Summ           12%        N/A       86%         6
 Enfeeble                 Hex            12%        N/A       100%        7
 Summon Hydra             Summ           12%        N/A       100%        7
 Disjunction              Tloc           12%        N/A       100%        8
 Ignition                 Fire           12%        3d6       100%        8
 Maxwell's Capacitive Co  Air            12%        ∞         100%        8
 Summon Horrible Things   Summ           12%        N/A       100%        8
 Beastly Appendage        Tmut           Unusable   N/A       N/A         1
 Sublimation of Blood     Necr           Unusable   N/A       N/A         2
 Wereblood                Tmut           Unusable   N/A       N/A         2
 Ice Form                 Ice/Tmut       Unusable   N/A       N/A         4
 Statue Form              Tmut/Erth      Unusable   N/A       N/A         6
 Spider Form              Tmut/Pois      Unusable   N/A       N/A         3
 Blade Hands              Tmut           Unusable   N/A       N/A         5
 Storm Form               Tmut/Air       Unusable   N/A       N/A         7
 Necromutation            Tmut/Necr      Unusable   N/A       N/A         8

Inventory:

Missiles
 u - a throwing net {=f!fthrowing}
Armour
 g - a +2 helmet of intelligence (worn)
   (You found it on level 3 of the Elven Halls)
 o - a +3 buckler of fire resistance (worn)
   (You took it off a tengu reaver on level 2 of the Depths)
 D - the +5 faerie dragon scales (worn) {rC++ rCorr}
   (You took it off the Enchantress on level 3 of the Depths)

   rC:        It greatly protects you from cold.
   rCorr:     It protects you from acid and corrosion.
 J - the +0 pair of gloves of Blue Skies (worn) {Drain Will+++ Regen+ MP+9}
   (You acquired it on level 4 of the Vaults)

   MP:        It affects your magic capacity (+9).
   Regen:     It increases your rate of health regeneration.
   Drain:     It drains your maximum health when unequipped.
   Will:      It greatly increases your willpower.
 M - the +0 pair of boots of Analysis {rElec rF- rN+++ Str-3}
   (You found it on level 1 of the Realm of Zot)

   Str:       It affects your strength (-3).
   rF:        It makes you vulnerable to fire.
   rElec:     It insulates you from electricity.
   rN:        It renders you almost immune to negative energy.
 N - the +2 cloak of the Thief (worn) {*Fog Slay-2 SInv Stlth+}
   (You found it on level 9 of the Dungeon)

   *Fog:      It may release a thick cloud of smoke when the wearer is hurt.
   Slay:      It affects your accuracy & damage with ranged weapons and melee
   (-2).
   SInv:      It lets you see invisible.
   Stlth:     It makes you more stealthy.
 V - the +0 pair of boots of Somewhere Else (worn) {rCorr Dex+2 Stlth+}
   (You bought it in a shop on level 1 of the Elven Halls)

   Dex:       It affects your dexterity (+2).
   rCorr:     It protects you from acid and corrosion.
   Stlth:     It makes you more stealthy.
Magical Staves
 a - the staff of earth "Wemaupli" {SInv, !astaff}
   (You found it on level 3 of the Elven Halls)

   [staff of earth]

   Base accuracy: +5 Base damage: 5 Base attack delay: 1.2 This weapon's minimum
   attack delay (0.6) is reached at skill level 12.
   SInv:      It lets you see invisible.
   It falls into the 'Staves' category.
   It is a one-clawed weapon.
 b - a staff of cold (weapon) {!astaff}
   (You found it on level 3 of the Elven Halls)
Jewellery
 f - the ring "Arixilic" (left hand) {Wiz Str+3 Int+5}
   (You acquired it on level 5 of the Dungeon)

   [ring of wizardry]

   It improves your spell success rate.
   Str:       It affects your strength (+3).
   Int:       It affects your intelligence (+5).
 n - the amulet "Sokockei" {RegenMP Regen+ rCorr Str-5 Int-2}
   (You took it off a fire giant on level 2 of the Depths)

   [amulet of magic regeneration]

   It increases your rate of magic regeneration.
   Str:       It affects your strength (-5).
   Int:       It affects your intelligence (-2).
   Regen:     It increases your rate of health regeneration.
   rCorr:     It protects you from acid and corrosion.
 t - an amulet of magic regeneration {@e2}
   (You took it off a centaur warrior on level 13 of the Dungeon)
 z - the ring of Sugoa (right hand) {+Blink rF+++ rN+ rCorr Str-2}
   (You found it on level 3 of the Crypt)

   [ring of positive energy]

   Str:       It affects your strength (-2).
   rF:        It renders you almost immune to fire.
   rN:        It protects you from negative energy.
   +Blink:    It lets you blink.
   rCorr:     It protects you from acid and corrosion.
 H - a ring of protection from cold
   (You took it off a deep elf annihilator on level 3 of the Elven Halls)
 L - the amulet of Vitality (around neck) {RegenMP++ Regen++}
   (You found it on level 5 of the Vaults)

   [amulet of magic regeneration]

   It increases your rate of magic regeneration.
   Regen:     It increases your rate of health regeneration.
 O - the ring of the Tortoise {AC+8}
   (You found it on level 11 of the Dungeon)

   [ring of protection]

   AC:        It affects your AC (+8).
Wands
 i - a wand of digging (9)
   (You found it on level 4 of the Lair of Beasts)
 s - a wand of roots (51)
   (You found it on level 6 of the Dungeon)
 B - a wand of quicksilver (27)
   (You found it on level 2 of the Elven Halls)
 S - a wand of charming (49)
   (You found it on level 10 of the Dungeon)
 W - a wand of mindburst (31)
   (You found it on level 1 of the Snake Pit)
 Z - a wand of flame (110)
   (You found it on level 8 of the Dungeon)
Scrolls
 c - 9 scrolls of vulnerability {!r!r}
 d - 3 scrolls of summoning
 j - 7 scrolls of enchant armour
 l - 7 scrolls of fog
 m - 11 scrolls of poison
 v - 51 scrolls of identify {@r1}
 x - 12 scrolls of immolation {!r!r}
 y - 5 scrolls of silence {!r}
 A - 7 scrolls of magic mapping {!r}
 C - 2 scrolls of amnesia
 F - 4 scrolls of torment
 U - 15 scrolls of fear
 X - 12 scrolls of teleportation {@r4}
 Y - 5 scrolls of blinking {!r}
Potions
 e - 5 potions of resistance
 h - 14 potions of flight
 k - 23 potions of curing {@q1}
 p - 6 potions of ambrosia
 r - 3 potions of invisibility
 w - 12 potions of attraction {!q}
 E - 5 potions of cancellation
 G - 5 potions of heal wounds {@q2}
 I - 6 potions of magic
 K - 9 potions of brilliance
 Q - 9 potions of might
 R - 7 potions of haste {@q3}
Miscellaneous
 q - a phantom mirror
   (You found it on level 9 of the Dungeon)
 P - a box of beasts
   (You found it on level 3 of the Swamp)
 T - a lightning rod (4/4)
   (You found it on level 9 of the Dungeon)

Dungeon Overview and Level Annotations

Branches:
Dungeon (15/15)            Temple (1/1) D:6            Lair (5/5) D:10
  Swamp (4/4) Lair:2        Snake (4/4) Lair:2        Slime (0/5) Lair:4
    Orc (2/2) D:12            Elf (3/3) Orc:2        Vaults (5/5) D:13
  Crypt (3/3) Vaults:3       Tomb (0/3) Crypt:3      Depths (4/4) D:15
    Zot (5/5) Depths:4

Altars:
Ashenzari
Cheibriados
Dithmenos
Fedhas
Gozag
Hepliaklqana
Kikubaaqudgha
Makhleb
Nemelex Xobeh
Okawaru
Qazlal
Ru
Sif Muna
Trog
Uskayaw
Vehumet
Wu Jian
Xom
Yredelemnul
Lugonu

Shops:
D:14 !   Orc:2 *([[   Elf:1 ![(**:   Elf:2 *   Snake:1 (   Depths:1 =
Depths:2 [   Depths:4 (

Portals:
Hell: Depths:1 Depths:2 Depths:3 Depths:4
Abyss: Lair:5 Zot:2 Depths:3
Pandemonium: Depths:1 Depths:2 Depths:4
Ziggurat: Depths:4
Trove: D:11 (give 5 scrolls of blinking)

Annotations:
D:9 exclusion: fire crab
Temple 2 transporters
Lair:5 1 runed translucent door, Geyrauw's ghost, journeyman GnRe
Crypt:1 2 transporters
Depths:2 2 transporters
Zot:1 2 transporters
Zot:2 2 transporters
Zot:4 2 transporters

#..# #.........#####.. #.##
#......÷......... #.#
#.........#####.. ### #.#
#.........# #.. ..# #.#
#.........# #..
#.######.##############...# #.#
#.........'...~≈≈≈≈...'..## #.#
#######...##..#####..##..# #.#
##..#..♣♣P@P♣♣..#..# #.#
###..##..♣♣.♣♣..##..# #.# #
#...##♣.........♣#..# #.# #
#.##.#♣.♣.~~~.♣.♣#..# #.# #
#.##.#♣..~~8≈≈..♣#..# ##.# ##
#.##.#♣.♣.~~~.♣.♣#..# ##..#
.#####.##.#♣.........♣#######..##
....##.##.##..♣♣.♣♣..## ##...##
###....##.#..♣♣P>P♣♣..# #..###


There were no monsters in sight!


Message History

(D) Dungeon (T) Temple (L) Lair (S) Swamp (P) Snake Pit (M) Slime Pits (O) Orcish Mines (E) Elven Halls (V) Vaults (C) Crypt (W) Tomb (U) Depths (H) Hell (Z) Zot
Where to? (Enter - D:1, ? - help)
The winds around you start to calm down.
You float gracefully downwards.
You see here a +0 dagger {short}.
You are engulfed in whirling frost.
You are engulfed in whirling frost.
Things that are here:
a +0 robe; a +0 dagger {short} The winds around you calm down.
There is a stone staircase leading up here.
You climb upwards.
There is a stone staircase leading down here.
There is a stone staircase leading up here.
You climb upwards.
There is a stone staircase leading down here.
There is a stone staircase leading up here.
You climb upwards.
Level annotation: exclusion: fire crab
There is a stone staircase leading down here.
There is an open door here.
There is an open door here.
There is a stone staircase leading up here.
You climb upwards.
There is a stone staircase leading down, spattered with blood here.
You see here a +0 club {mace}.
There is an escape hatch in the ceiling here.
A mysterious force pulls you upwards. The hatch slams shut behind you.
There is an open door here.
There is a stone staircase leading up here.
You climb upwards.
There is a stone staircase leading down here.
There is a stone staircase leading up here.
You climb upwards.
There is a stone staircase leading down here.
A cherub comes into view.
It is wielding a +0 long sword of flaming.
Danger!
There is an open door here.
Things that are here:
a +0 ring mail; a +0 dagger {short}; a +0 halberd {polearm}
Things that are here:
a +0 club {mace}; a +0 club {mace}; a +0 halberd {polearm}
Items here: ))) [.
Items here: ))))))) [[[[.
There is a stone staircase leading up here.
You climb upwards.
There is a stone staircase leading down here.
(D) Dungeon (T) Temple (L) Lair (S) Swamp (P) Snake Pit (M) Slime Pits (O) Orcish Mines (E) Elven Halls (V) Vaults (C) Crypt (W) Tomb (U) Depths (H) Hell (Z) Zot
Where to? (Enter - D:1, ? - help)
A hellion comes into view.
The hellion gives a hideous shriek!
Danger!
Casting: Polar Vortex (mildly dangerous; 1% risk of failure)
Confirm with . or Enter, or press ? or * to list all spells.
You feel a surge of power!
A great freezing vortex appears and lifts you up.
The hellion gestures at you.
The sphere of damnation explodes!
The damnation engulfs you!!
You kill the hellion!
Vehumet accepts your kill.
You feel your power returning.
The winds around you start to calm down.
You float gracefully downwards.
You are engulfed in whirling frost.
(D) Dungeon (T) Temple (L) Lair (S) Swamp (P) Snake Pit (M) Slime Pits (O) Orcish Mines (E) Elven Halls (V) Vaults (C) Crypt (W) Tomb (U) Depths (H) Hell (Z) Zot
Where to? (Enter - D:1, ? - help)
The winds around you calm down.
There is a stone staircase leading up here.
You climb upwards.
There is a stone staircase leading down here.
A red devil comes into view.
It is wielding a +0 demon trident of draining.
Danger!
The red devil moves out of view.
Danger!
There is a stone staircase leading up here.
You climb upwards.
There is a stone staircase leading down here.
(D) Dungeon (T) Temple (L) Lair (S) Swamp (P) Snake Pit (M) Slime Pits (O) Orcish Mines (E) Elven Halls (V) Vaults (C) Crypt (W) Tomb (U) Depths (H) Hell (Z) Zot
Where to? (Enter - D:1, ? - help)
There is an open door here.
There is a stone staircase leading up here.
You climb upwards.
There is a stone staircase leading down here.
You see here a jackal skeleton.
There is an open door here.
There is a staircase leading out of the dungeon here.
Unknown command.
You have escaped!

Skill      XL: |  1  2  3  4  5  6  7  8  9 10 11 12 13 14 15 16 17 18 19 20 21 22 23 24 25 26 27 |
---------------+----------------------------------------------------------------------------------+-----
Earth Magic    | 4 5 6 7 9 10 11 15 16 18 19 22 25 27 | 27.0
Fighting       | 2 4 6 7 9 12 13 15 17 20 | 20.5
Spellcasting   | 2 4 6 7 8 10 12 13 14 15 16 17 18 19 21 | 21.1
Dodging        | 2 4 5 6 7 10 14 | 14.4
Conjurations   | 3 4 6 8 |  8.0
Necromancy     | 4 |  4.0
Short Blades   | 5 7 |  7.1
Ice Magic      | 7 14 19 23 25 26 27 | 27.0
Stealth        | |  2.1
Transmutations | |  0.8

Action                     |  1- 3 |  4- 6 |  7- 9 | 10-12 | 13-15 | 16-18 | 19-21 | 22-24 | 25-27 || total
---------------------------+-------+-------+-------+-------+-------+-------+-------+-------+-------++-------
  Melee: Unarmed           |    36 |     1 |     1 |       |       |       |       |       |       ||    38
         Dagger            |       |       |       |    14 |       |       |       |       |       ||    14
         Quick blade       |       |       |       |     8 |    22 |       |       |       |       ||    30
         Staff             |       |       |       |       |       |       |       |     4 |       ||     4
  Throw: Dart              |       |       |       |       |     8 |       |       |       |       ||     8
   Cast: Sandblast         |    46 |    93 |   120 |   187 |   213 |    65 |       |       |       ||   724
         Lee's Rapid Decon |       |       |     9 |    46 |    64 |     6 |       |       |       ||   125
         Stone Arrow       |       |       |     9 |    84 |   399 |   190 |    21 |       |       ||   703
         Petrify           |       |       |       |     8 |       |       |       |       |       ||     8
         Borgnjor's Vile C |       |       |       |    25 |   131 |    32 |    12 |       |     5 ||   205
         Shatter           |       |       |       |       |       |   213 |   395 |   238 |   388 ||  1234
         Iron Shot         |       |       |       |       |       |    24 |    24 |     2 |    13 ||    63
         Freezing Cloud    |       |       |       |       |       |       |     8 |       |     4 ||    12
         Polar Vortex      |       |       |       |       |       |       |       |    60 |   114 ||   174
         Ozocubu's Refrige |       |       |       |       |       |       |       |    35 |    15 ||    50
         Lehudib's Crystal |       |       |       |       |       |       |       |     3 |    59 ||    62
  Evoke: Lightning rod     |       |       |       |       |     1 |       |       |       |       ||     1
    Use: Potion            |       |     1 |     2 |     1 |     3 |       |     1 |       |       ||     8
         Scroll            |       |       |    16 |    20 |    11 |     5 |     1 |     5 |     2 ||    60
   Stab: Petrified         |       |       |       |    16 |       |       |       |       |       ||    16
         Sleeping          |       |       |       |     1 |     2 |       |       |       |       ||     3
 Armour: Robe              |     4 |    17 |    29 |    79 |   265 |   101 |    82 |    44 |    11 ||   632
         Acid dragon scale |       |       |       |       |       |       |       |       |   159 ||   159
  Dodge: Dodged            |    26 |    83 |   109 |   196 |   290 |    96 |    92 |    81 |   179 ||  1152
  Block: Buckler           |       |       |       |       |    45 |    41 |    46 |    27 |    83 ||   242
         Reflection        |       |       |       |       |     5 |     6 |    11 |     1 |       ||    23

Levels and vault maps discovered:
D:1:      tarquinn_simple_flora_water_b, layout_rooms, minmay_misc_feat_alley,
          chequers_serial_rivers_marsh
D:2:      layout_loops_corners, st_stairs_9, uniq_robin, uniq_sigmund
D:3:      layout_loops_ring, uniq_natasha
D:4:      layout_rooms, nrook_loot_triangle
D:5:      layout_basic
D:6:      layout_rooms, minmay_temple_entry_mini_moons, chequers_avenue,
          uniq_eustachio, uniq_blork_the_orc
D:7:      layout_basic, nicolae_overflows_in_rows
D:8:      layout_cave_pools, enter_bailey_2, serial_glass, glass_columns_c,
          glass_columns_c
D:9:      minmay_shrinking_squares, layout_gridville
D:10:     layout_rooms, minmay_lair_entry_lava, uniq_maurice
D:11:     layout_gridville, enter_trove_6, minmay_protected_statue
D:12:     layout_loops_ring, david_orc_5, kennysheep_generic_room_9, uniq_fannar
D:13:     minmay_the_grid_triangle_9x9_line_8_mashed
          [minmay_the_grid_triangle_9x9_checkered,
          minmay_the_grid_triangle_9x9_alien,
          minmay_the_grid_triangle_9x9_windchime,
          minmay_the_grid_triangle_9x9_pentomino_pain,
          minmay_the_grid_triangle_9x9_flanged_cone,
          minmay_the_grid_triangle_9x9_descending_squares,
          minmay_the_grid_triangle_9x9_shrine,
          minmay_the_grid_triangle_9x9_prize_center], layout_irregular_city,
          lightli_vaults_fourway_checkpoint, fedhas_altar_1
D:14:     layout_basic, serial_shops, nicolae_lakefront_shop,
          portal_ice_cave_entry_ice_statue_two, serial_bayou_pond_b
D:15:     grunt_enter_depths_snipers, layout_loops_corners, nzn_ghost_randoct,
          minmay_circle_x, uniq_jorgrun, uniq_azrael
Temple:   hellmonk_temple_divided_pantheon
Lair:1:   layout_cave_shapes, lemuel_fruit_fields
Lair:2:   layout_regular_city, minmay_swamp_entry_worms,
          minmay_snake_entry_spellcaster, lemuel_fruit_fields, uniq_urug
Lair:3:   layout_loops_ring, wad_woods_02
Lair:4:   layout_cave_pods, slime_entry_1, ebering_ghost_reflecting_pool,
          st_stairs_13, dpeg_oklob_1
Lair:5:   hellmonk_lair_end_abyssal_woods, layout_loops_ring,
          gammafunk_ghost_grave
Swamp:1:  layout_falls_marsh, evilmike_swamp_ruin_house_3, swamp_pool4
Swamp:2:  layout_basic_swamp, evilmike_swamp_ruin_house_2, swamp_pool5,
          uniq_aizul
Swamp:3:  layout_basic_swamp, hangedman_swamp_ruin_wall, swamp_pool4,
          uniq_nikola
Swamp:4:  swamp_pestilence, layout_basic_swamp, swamp_pool5,
          infiniplex_staircase_pool_2
Snake:1:  layout_misc_corridors, basic_altar, serial_shops,
          nicolae_shop_advertising_works [nicolae_subvault_shop_adworks],
          nicolae_snake_round_shape_thing
Snake:2:  layout_onion_interference
Snake:3:  layout_cave_town, basic_altar, uniq_donald
Snake:4:  snake_pit, layout_onion_interference, special_room
Orc:1:    layout_diamond_mine, uniq_erica, uniq_snorg, uniq_harold
Orc:2:    grunt_orc_community_town_hall, layout_caves,
          grunt_orc_community_big_house_1, grunt_orc_community_big_house_2,
          grunt_orc_community_house_3, grunt_orc_community_house_2,
          grunt_orc_community_house_3, grunt_orc_community_house_3, basic_altar,
          mines3_lemuel
Elf:1:    minmay_elf_arrival_summoners, layout_geoelf_grid, serial_shops,
          nicolae_shop_statue_plus, nicolae_diamond_shop,
          nicolae_shop_overgrown_old_shop, shop, minmay_elf_demonology,
          nicolae_specific_store
Elf:2:    nicolae_elf_blades_crystal_corner, layout_geoelf_octagon,
          serial_shops, nicolae_lakefront_shop, serial_glass, glass_columns_a,
          glass_columns_a, nicolae_elf_glass_and_crystal_pillar_2,
          nicolae_elf_altarnating
Elf:3:    nooodl_elf_gasket, layout_geoelf_grid, serial_shops, bzr_entry_road,
          special_room [special_room_orc], nicolae_elf_v_pinch
Vaults:1: v_pattern_4, hangedman_vaults_stitches, ontoclasm_vaults_chip,
          ontoclasm_vaults_tryst, vaults_room_stairs_pillars,
          nicolae_vaults_little_squares_5, hangedman_vaults_impose,
          vaults_room_grunt_arrival_ludios, nicolae_vaults_angled_halls,
          vaults_room_fours, layout_vaults_omnigrid
Vaults:2: nicolae_vaults_network_square, nicolae_vaults_triangles,
          hangedman_vaults_stagger, vaults_dpeg_ring, v_misc_2,
          nicolae_vaults_network_s, v_misc_16, v_misc_8,
          nicolae_vaults_shelves_hall, nicolae_vaults_alarming,
          ontoclasm_vaults_misaligned, vaults_room_semicircle,
          layout_vaults_ring
Vaults:3: nicolae_vaults_stairing_the_circle, ontoclasm_vaults_eye,
          nicolae_vaults_little_ls, v_misc_22,
          minmay_crypt_entry_skeletal_spiral, v_pattern_3,
          vaults_dpeg_encased_lava, v_misc_17, nicolae_vaults_gold_heap,
          v_misc_30, layout_vaults_chaotic_city
Vaults:4: vaults_room_boxed, v_misc_27, v_misc_26, hangedman_vaults_slice,
          nicolae_vaults_big_ls, nicolae_vaults_little_squares_2,
          nicolae_vaults_little_squares_6, ontoclasm_vaults_loading_screen,
          v_misc_33, ontoclasm_vaults_bender, v_misc_24, layout_vaults_omnicross
Vaults:5: uniq_margery
Crypt:1:  gammafunk_sealed_library, layout_catacombs,
          nrook_guardian_serpent_ordinary, grunt_crypt_arrival_webbed,
          uniq_josephina, uniq_saint_roka
Crypt:2:  layout_gridlike, chequers_big_river, grunt_megastairs_5
Crypt:3:  lightli_unholy_cathedral, layout_chaotic_city, basic_altar,
          lemuel_hellish_altar
Depths:1: layout_honeycomb, hell_entry, pan_entry, serial_shops,
          nicolae_shop_statue_plus, kennysheep_flooded_box, st_stairs_12,
          minmay_misc_feat_doors, minmay_fire_ice_demons, serial_bayou_shore_b,
          firewood_loft
Depths:2: cell_vault, layout_cave_pools, serial_shops,
          nicolae_shop_window_shopping, rand_demon_pan_entry_9,
          gammafunk_ghost_berserking_beasts, infiniplex_staircase_pillars_2,
          hell_entry, minmay_guarded_unrand_curses, uniq_vv
Depths:3: kennysheep_blocky_hall, layout_cave_shapes,
          nicolae_abyss_entry_one_way_or_another, grunt_hell_entry_dis_old,
          serial_sigils, serial_sigils_hangedman_writhe,
          serial_sigils_hangedman_leer, serial_sigils_hangedman_gut,
          serial_sigils_hangedman_snap, serial_sigils_hangedman_confine,
          serial_sigils_hangedman_quiver, grunt_decor_arrowhead,
          uniq_enchantress
Depths:4: evilmike_zot_entry_diamond, layout_gridville, enter_ziggurat_e,
          nemelex_lonely_heart_becter, hell_entry, pan_entry, serial_shops,
          nicolae_shop_bloodbath_and_beyond, uniq_parghit
Zot:1:    gammafunk_dig_for_victory, layout_onion_interference
Zot:2:    layout_concentric_octagons, gammafunk_ghost_abyssal_escape
Zot:3:    layout_gridville
Zot:4:    gammafunk_the_bubble [the_bubble_gammafunk_split],
          layout_twisted_circle
Zot:5:    layout_onion

Notes
Turn   | Place    | Note
-------+----------+-------------------------------------------
     0 | D:1      | Sobieck the Ghoul Earth Elementalist began the quest for
                  | the Orb.
     0 | D:1      | Reached XP level 1. HP: 14/14 MP: 2/2
   180 | D:1      | Reached XP level 2. HP: 20/20 MP: 0/3
   219 | D:1      | You fall into a shaft and drop 1 floor!
   244 | D:2      | Reached skill level 4 in Earth Magic
   457 | D:2      | Reached XP level 3. HP: 26/26 MP: 2/4
   975 | D:1      | Reached skill level 5 in Earth Magic
  1366 | D:1      | Reached XP level 4. HP: 33/33 MP: 3/5
  1765 | D:2      | Noticed Robin
  1822 | D:2      | Killed Robin
  2078 | D:2      | Noticed Sigmund
  2569 | D:3      | Learned a level 2 spell: Passwall
  2573 | D:3      | Learned a level 3 spell: Stone Arrow
  2765 | D:3      | You pick up a book of the Earth and begin reading...
  2765 | D:3      | You add the spells Leda's Liquefaction and Lee's Rapid
                  | Deconstruction to your library.
  2872 | D:3      | Noticed Natasha
  2874 | D:3      | Killed Natasha
  2875 | D:3      | Reached skill level 6 in Earth Magic
  2875 | D:3      | Reached XP level 5. HP: 38/38 MP: 3/6
  3025 | D:3      | Noticed Natasha
  3029 | D:3      | Killed Natasha
  3207 | D:3      | Noticed Natasha
  3211 | D:3      | Killed Natasha
  3416 | D:3      | HP: 8/38 [sleepcap (6)]
  3419 | D:3      | Reached skill level 7 in Earth Magic
  3531 | D:3      | Reached XP level 6. HP: 29/45 MP: 2/7
  3919 | D:3      | Reached skill level 8 in Earth Magic
  4520 | D:2      | Killed Sigmund
  4521 | D:2      | Reached skill level 9 in Earth Magic
  4521 | D:2      | Reached XP level 7. HP: 41/51 MP: 3/8
  4635 | D:5      | Entered Level 5 of the Dungeon
  4661 | D:5      | Identified a scroll of acquirement
  4661 | D:5      | Acquired the ring "Arixilic" {Wiz Str+3 Int+5}
  4735 | D:5      | Reached skill level 1 in Fighting
  4735 | D:5      | Reached skill level 2 in Spellcasting
  5087 | D:5      | Reached skill level 2 in Fighting
  5221 | D:5      | Reached XP level 8. HP: 62/62 MP: 8/11
  5326 | D:5      | Learned a level 5 spell: Lee's Rapid Deconstruction
  5702 | D:5      | Reached skill level 3 in Fighting
  5702 | D:5      | Reached skill level 3 in Spellcasting
  6160 | D:6      | Noticed Blork the orc
  6170 | D:6      | Killed Blork the orc
  6171 | D:6      | Reached skill level 4 in Fighting
  6200 | D:6      | Reached skill level 10 in Earth Magic
  6320 | D:6      | Reached skill level 4 in Spellcasting
  6573 | D:6      | Reached XP level 9. HP: 73/73 MP: 9/14
  6600 | D:6      | Reached skill level 5 in Fighting
  6765 | D:6      | Found a staircase to the Ecumenical Temple.
  6772 | Temple   | Entered the Ecumenical Temple
  6772 | Temple   | Found a transporter.
  6772 | Temple   | Found a transporter.
  6774 | Temple   | Found a transporter.
  6774 | Temple   | Found a transporter.
  6788 | Temple   | Became a worshipper of Vehumet
  6812 | D:6      | You pick up a book of Unlife and begin reading...
  6812 | D:6      | You add the spells Animate Dead, Borgnjor's Vile Clutch and
                  | Death Channel to your library.
  6831 | D:6      | Noticed Eustachio
  6840 | D:6      | Killed Eustachio
  7242 | D:7      | Found an ancient bone altar of Kikubaaqudgha.
  7244 | D:7      | Found a stormy altar of Qazlal.
  7245 | D:7      | Found a hazy altar of Hepliaklqana.
  7245 | D:7      | Found a sparkling altar of Nemelex Xobeh.
  7246 | D:7      | Found a broken altar of Ashenzari.
  7247 | D:7      | Found an ornate altar of the Wu Jian Council.
  7247 | D:7      | Found a bloodstained altar of Trog.
  7248 | D:7      | Found an iron altar of Okawaru.
  7249 | D:7      | Found a snail-covered altar of Cheibriados.
  7249 | D:7      | Found a burning altar of Makhleb.
  7484 | D:7      | Noticed a cyclops
  7493 | D:7      | Killed a cyclops
  7494 | D:7      | Reached skill level 6 in Fighting
  7494 | D:7      | Reached skill level 5 in Spellcasting
  7494 | D:7      | Reached skill level 11 in Earth Magic
  7619 | D:7      | Learned a level 4 spell: Petrify
  8487 | D:8      | Reached skill level 6 in Spellcasting
  8497 | D:8      | Noticed a two-headed ogre
  8498 | D:8      | Reached XP level 10. HP: 83/83 MP: 9/18
  8503 | D:7      | Reached skill level 12 in Earth Magic
  8569 | D:8      | You pick up a book of Blood and begin reading...
  8577 | D:8      | You add the spells Shock, Vhi's Electric Charge, Maxwell's
                  | Capacitive Coupling and Summon Horrible Things to your
                  | library.
  8577 | D:8      | Got Sif Muna's Book of Mustering and Electrocution
  8867 | D:8      | Killed a two-headed ogre
  8868 | D:8      | Reached skill level 13 in Earth Magic
  9084 | D:8      | Reached * piety under Vehumet
  9084 | D:8      | Offered knowledge of Foxfire by Vehumet.
  9783 | D:9      | Reached skill level 14 in Earth Magic
 10155 | D:9      | Noticed a centaur warrior
 10477 | D:9      | Killed a centaur warrior
 10478 | D:9      | Reached skill level 15 in Earth Magic
 10478 | D:9      | Reached skill level 2 in Dodging
 10478 | D:9      | Reached XP level 11. HP: 59/89 MP: 1/19
 10566 | D:9      | Noticed a deep elf knight
 10681 | D:9      | Reached skill level 1 in Conjurations
 10691 | D:9      | Killed a deep elf knight
 10827 | D:9      | Noticed a centaur warrior
 10830 | D:9      | Killed a centaur warrior
 11047 | D:9      | Noticed a red ugly thing
 11047 | D:9      | Noticed a green ugly thing
 11047 | D:9      | Noticed a red ugly thing
 11235 | D:9      | Killed a green ugly thing
 11236 | D:9      | Reached skill level 3 in Dodging
 11236 | D:9      | Reached skill level 2 in Conjurations
 11356 | D:8      | Killed a green ugly thing
 11500 | D:9      | Noticed an eight-headed hydra
 11504 | D:9      | Killed an eight-headed hydra
 11603 | D:9      | Killed a green ugly thing
 11604 | D:9      | Reached skill level 7 in Fighting
 11722 | D:9      | Found the +2 cloak of the Thief {*Fog Slay-2 SInv Stlth+}
 11728 | D:9      | u - a +1 quick blade of draining {shortrare=g}
 11729 | D:9      | u - a +1 quick blade of draining (weapon) {shortrare=g}
 11804 | D:10     | Entered Level 10 of the Dungeon
 11804 | D:10     | Noticed a fire crab
 11804 | D:10     | Found a staircase to the Lair.
 12019 | D:10     | Noticed Maurice
 12484 | D:9      | Offered knowledge of Poisonous Vapours by Vehumet.
 12485 | D:9      | Reached skill level 3 in Conjurations
 12620 | D:9      | Reached ** piety under Vehumet
 12621 | D:9      | Reached skill level 4 in Dodging
 12732 | D:9      | HP: 20/92 [fire crab] (27)]
 12733 | D:9      | HP: 8/92 [fire crab] (12)]
 13219 | D:10     | Killed Maurice
 13220 | D:10     | Reached skill level 7 in Spellcasting
 13657 | D:11     | your +1 quick blade of draining {shortrare=g} glows red for
                  | a moment.
 13687 | D:11     | Reached XP level 12. HP: 101/101 MP: 21/21
 13698 | D:11     | Learned a level 5 spell: Borgnjor's Vile Clutch
 13966 | D:11     | Reached skill level 8 in Fighting
 14242 | D:11     | Reached skill level 1 in Necromancy
 14311 | D:11     | Reached skill level 4 in Conjurations
 14477 | D:11     | Found a portal to a secret trove of treasure.
 14480 | D:11     | This trove needs 5 scrolls of blinking to function. Give it
                  | the items?
 14682 | D:11     | Found the ring of the Tortoise {AC+8}
 14734 | D:11     | Identified the +3 shortbow of Taxation {flame, rC+ Str+3
                  | Int-5}
 14765 | D:11     | Reached skill level 2 in Necromancy
 14890 | D:11     | Offered knowledge of Ignite Poison by Vehumet.
 15025 | Lair:1   | Entered Level 1 of the Lair of Beasts
 15068 | Lair:1   | Reached skill level 16 in Earth Magic
 15302 | Lair:1   | Reached *** piety under Vehumet
 15930 | Lair:1   | your +2 quick blade of draining {shortrare=g} glows red for
                  | a moment.
 15931 | Lair:1   | u - a +3 quick blade of draining (weapon) {shortrare=g}
 15931 | Lair:1   | a - a +3 quick blade of draining (weapon) {shortrare=g}
 15932 | Lair:1   | a - a +3 quick blade of draining (weapon) {shortrare=g}
 15961 | Lair:1   | Reached skill level 3 in Necromancy
 16412 | Lair:2   | Reached skill level 9 in Fighting
 16550 | Lair:2   | Reached skill level 8 in Spellcasting
 16820 | Lair:2   | Reached skill level 4 in Necromancy
 17075 | Lair:2   | Noticed Urug
 17187 | Lair:2   | Killed Urug
 17187 | Lair:2   | Offered knowledge of Dazzling Flash by Vehumet.
 17419 | Lair:2   | Found a staircase to the Snake Pit.
 17566 | Lair:2   | Reached XP level 13. HP: 111/111 MP: 24/24
 17894 | Lair:2   | Found a staircase to the Swamp.
 18141 | Lair:3   | your +3 quick blade of draining {shortrare=g} drips with
                  | poison.
 18141 | Lair:3   | a - a +3 quick blade of venom (weapon) {shortrare=g}
 18187 | Lair:3   | Reached skill level 9 in Spellcasting
 18187 | Lair:3   | Reached skill level 17 in Earth Magic
 18790 | Lair:3   | Reached skill level 1 in Short Blades
 19294 | Lair:3   | your +3 quick blade of venom {shortrare=g} craves living
                  | souls!
 19294 | Lair:3   | a - a +3 quick blade of draining (weapon) {shortrare=g}
 19378 | Lair:3   | Reached skill level 2 in Short Blades
 19958 | Lair:4   | You pick up a book of the Warp and begin reading...
 19958 | Lair:4   | You add the spells Manifold Assault, Dispersal and
                  | Disjunction to your library.
 20774 | Lair:4   | Found a runed translucent door.
 20781 | Lair:4   | Noticed Zinwir's ghost (journeyman KoHu)
 20943 | Lair:4   | Found a staircase to the Slime Pits.
 21084 | Lair:4   | Reached skill level 3 in Short Blades
 21162 | Lair:5   | Entered Level 5 of the Lair of Beasts
 21347 | Lair:5   | Your damage rating with your +3 quick blade of draining
                  | {shortrare=g} is about 5 (Base 4 x 97% (Dex) x 121% (Skill)
                  | + 1 (Ench + Slay)).
 21567 | Lair:4   | Reached **** piety under Vehumet
 21689 | Lair:4   | Reached skill level 4 in Short Blades
 21734 | Lair:4   | Offered knowledge of Hailstorm by Vehumet.
 21791 | Lair:4   | Reached skill level 10 in Spellcasting
 21951 | Lair:5   | You pick up a book of Decay and begin reading...
 21951 | Lair:5   | You add the spells Cigotuvi's Dreadful Rot and Dispel
                  | Undead to your library.
 22214 | Lair:5   | Reached skill level 5 in Short Blades
 22216 | Lair:5   | Reached skill level 18 in Earth Magic
 22264 | Lair:5   | Reached XP level 14. HP: 105/118 MP: 18/27
 22430 | Lair:5   | Found a runed translucent door.
 22431 | Lair:5   | Noticed Geyrauw's ghost (journeyman GnRe)
 22668 | D:12     | Noticed Fannar
 22672 | D:12     | Killed Fannar
 23144 | D:12     | Reached ***** piety under Vehumet
 23144 | D:12     | Offered knowledge of Fireball by Vehumet.
 23145 | D:12     | Reached skill level 6 in Short Blades
 23212 | D:12     | You pick up a book of Necromancy and begin reading...
 23212 | D:12     | You add the spells Necrotise, Vampiric Draining and Agony
                  | to your library.
 23503 | D:12     | Found a staircase to the Orcish Mines.
 23707 | D:12     | Your damage rating with your +3 quick blade of draining
                  | {shortrare=g} is about 6 (Base 4 x 97% (Dex) x 128% (Skill)
                  | + 1 (Ench + Slay)).
 24180 | D:13     | You pick up a book of Changes and begin reading...
 24218 | D:13     | Reached skill level 11 in Spellcasting
 24273 | D:13     | Reached skill level 7 in Short Blades
 24373 | D:13     | You pick up a book of Unlife and begin reading...
 24437 | D:13     | Found a blossoming altar of Fedhas.
 25670 | D:13     | Reached skill level 12 in Spellcasting
 25947 | D:13     | You add the spells Kindle Blastsparks, Ignite Poison and
                  | Freezing Cloud to your library.
 26019 | D:13     | Identified the +9 flail "Cioca" {protect, rCorr Int+3}
 26526 | D:13     | Found a gate to the Vaults.
 26527 | D:13     | You pick up a book of Flames and begin reading...
 26527 | D:13     | You add the spells Inner Flame, Sticky Flame and Flame Wave
                  | to your library.
 26571 | D:13     | Reached skill level 5 in Dodging
 26683 | D:13     | Reached XP level 15. HP: 124/124 MP: 17/30
 26814 | D:14     | You pick up a book of Unlife and begin reading...
 27475 | D:14     | Reached skill level 6 in Dodging
 27494 | D:14     | HP: 28/124 [eight-headed hydra (4)]
 27495 | D:14     | HP: 13/124 [eight-headed hydra (8)]
 28011 | D:14     | You pick up a book of Weapons and begin reading...
 28011 | D:14     | You add the spells Tukima's Dance and Portal Projectile to
                  | your library.
 28197 | D:14     | Found Hiogomas's Distillery.
 28206 | D:14     | Bought a potion of brilliance for 72 gold pieces
 28493 | D:15     | Entered Level 15 of the Dungeon
 28516 | D:15     | Noticed Azrael
 28572 | D:14     | Killed Azrael
 28929 | D:15     | Found a transporter.
 28944 | D:15     | Reached skill level 13 in Spellcasting
 28944 | D:15     | Reached skill level 19 in Earth Magic
 29157 | D:15     | Found a transporter.
 29269 | D:15     | Noticed Usinnox's ghost (journeyman OpFi)
 29466 | D:15     | Found a staircase to the Depths.
 29593 | D:15     | Identified the +6 great sword "Korgh" {antimagic, Fragile
                  | Will++ Dex+3}
 29741 | D:15     | Noticed Jorgrun
 29750 | D:15     | Killed Jorgrun
 29973 | D:15     | Acquired 796 gold pieces
 30066 | D:15     | a +0 double sword {longrare=g}; a +0 plate armour; a
                  | basilisk corpse
 30092 | D:15     | a +0 double sword {longrare=g}; a +0 plate armour; a
                  | basilisk corpse
 30092 | D:15     | a +0 double sword {longrare=g}; a +0 plate armour; a
                  | basilisk corpse
 30092 | D:15     | Could not pick up a +0 double sword {longrare=g} here;
                  | ([A]lways) ignore it?
 30137 | D:15     | a +0 double sword {longrare}; a +0 plate armour; a basilisk
                  | corpse
 30396 | Orc:1    | Entered Level 1 of the Orcish Mines
 30399 | Orc:1    | Noticed Snorg
 30420 | D:12     | Offered knowledge of Iron Shot by Vehumet.
 30467 | D:12     | Killed Snorg
 30506 | Orc:1    | Noticed Harold
 30625 | Orc:1    | Noticed Erica
 30631 | D:12     | Killed Harold
 30636 | D:12     | Killed Erica
 31140 | Orc:1    | Learned a level 6 spell: Iron Shot
 31312 | Orc:2    | Entered Level 2 of the Orcish Mines
 31382 | Orc:2    | Found a staircase to the Elven Halls.
 31632 | Orc:2    | Found Kebb's Assorted Antiques.
 32047 | Orc:2    | Found Paum's Antique Armour Shoppe.
 32348 | Orc:2    | Reached XP level 16. HP: 132/132 MP: 19/32
 32415 | Orc:2    | Noticed Saint Roka
 32455 | Orc:2    | Killed Saint Roka
 32455 | Orc:2    | Reached ****** piety under Vehumet
 32605 | Orc:2    | Found Goluerhyus's Antique Armour Emporium.
 32607 | Orc:2    | Found Foinyid's Antique Weapon Shoppe.
 32885 | Lair:4   | Reached skill level 20 in Earth Magic
 33012 | Lair:5   | Reached skill level 14 in Spellcasting
 33173 | Lair:4   | Offered knowledge of Yara's Violent Unravelling by Vehumet.
 33642 | Lair:5   | You pick up a book of Armaments and begin reading...
 33642 | Lair:5   | You add the spells Animate Armour and Lehudib's Crystal
                  | Spear to your library.
 33697 | Lair:5   | Identified the +0 fire dragon scales "Derphe" {+Inv rF++
                  | rC- Regen+}
 33816 | Lair:5   | Identified the +2 ring mail of Atzeatsu {Drain Dex+6}
 33871 | Lair:5   | Reached skill level 21 in Earth Magic
 34312 | Lair:5   | Found a corrupted altar of Lugonu.
 34312 | Lair:5   | Found a one-way gate to the infinite horrors of the Abyss.
 34318 | Lair:5   | You pick up a book of Conjurations {@e2} and begin
                  | reading...
 34318 | Lair:5   | You add the spells Magic Dart, Searing Ray and Fulminant
                  | Prism to your library.
 34441 | Snake:1  | Entered Level 1 of the Snake Pit
 34441 | Snake:1  | Noticed a nagaraja
 34445 | Snake:1  | Killed a nagaraja
 34601 | Snake:1  | Acquired the Discourse on Lithic Shaping
 34602 | Snake:1  | You add the spells Irradiate, Yara's Violent Unravelling,
                  | Eringya's Noxious Bog and Shatter to your library.
 34620 | Snake:1  | Learned a level 9 spell: Shatter
 34761 | Snake:1  | Found an iron altar of Okawaru.
 34903 | Snake:1  | You pick up a book of Changes and begin reading...
 35122 | Snake:1  | You pick up a book of Air and begin reading...
 35122 | Snake:1  | You add the spells Swiftness and Airstrike to your library.
 35293 | Snake:1  | Found Qeetuce's Weapon Emporium.
 35488 | Snake:2  | Reached skill level 22 in Earth Magic
 35637 | Snake:2  | your +3 quick blade of draining {shortrare=g} glows red for
                  | a moment.
 36738 | Snake:3  | Offered knowledge of Starburst by Vehumet.
 36904 | Snake:3  | Noticed Donald
 36907 | Snake:3  | Killed Donald
 36908 | Snake:3  | Reached XP level 17. HP: 137/137 MP: 10/34
 37076 | Snake:3  | Could not pick up a +0 double sword {longrare=g} here;
                  | ([A]lways) ignore it?
 37106 | Snake:3  | Reached skill level 23 in Earth Magic
 37408 | Snake:3  | Found a sparkling altar of Nemelex Xobeh.
 37816 | Snake:4  | Entered Level 4 of the Snake Pit
 38641 | Snake:4  | Reached skill level 24 in Earth Magic
 38910 | Snake:4  | Offered knowledge of Plasma Beam by Vehumet.
 39239 | Snake:4  | Got a serpentine rune of Zot
 39683 | Elf:1    | Entered Level 1 of the Elven Halls
 39686 | Elf:1    | Reached skill level 25 in Earth Magic
 39735 | Elf:1    | Found Jatualomi's General Store.
 39760 | Elf:1    | Found Nitwecus's Specific Store.
 39828 | Elf:1    | Reached XP level 18. HP: 145/145 MP: 28/35
 39904 | Elf:1    | Found Hevixez's Weapon Shop.
 39952 | Elf:1    | Found Kuonil Vewoc's Book Boutique.
 39966 | Elf:1    | Paralysed by an air elemental for 1 turns
 40116 | Elf:1    | Offered knowledge of Arcjolt by Vehumet.
 40233 | Elf:1    | Reached skill level 26 in Earth Magic
 40283 | Elf:1    | Found Acsih's Antique Armour Shoppe.
 40291 | Elf:1    | Bought a pair of transparent boots for 209 gold pieces
 40291 | Elf:1    | Identified the +0 pair of boots of Somewhere Else {rCorr
                  | Dex+2 Stlth+} (You bought it in a shop on level 1 of the
                  | Elven Halls)
 40303 | Elf:1    | Bought a shiny helmet for 165 gold pieces
 40538 | Elf:1    | You add the spells Call Canine Familiar, Summon Mana Viper
                  | and Summon Cactus Giant to your library.
 40538 | Elf:1    | Got the Verses on Mustering
 40594 | Elf:1    | Found Udghi Ori's Distillery.
 41125 | Elf:2    | You drop a +4 quick blade of draining {shortrare=g}.
 41126 | Elf:2    | a - a +4 quick blade of draining {shortrare=g}
 41127 | Elf:2    | You drop a +4 quick blade of draining {shortrare=g}.
 41133 | Elf:2    | Could not pick up a +4 quick blade of draining
                  | {shortrare=g} here; ([A]lways) ignore it?
 41176 | Elf:2    | Found a hide-covered altar of Uskayaw.
 41416 | Elf:2    | Paralysed by an air elemental for 1 turns
 41685 | Elf:2    | Found Yduolen's General Store.
 42568 | D:15     | Killed Usinnox's ghost
 42688 | D:15     | Identified the ring of Luaf {AC+4 Str+2 Stlth+}
 43052 | Lair:4   | Killed Zinwir's ghost
 43571 | Elf:2    | Found a runed translucent gate.
 43572 | Elf:2    | Found a runed translucent gate.
 43572 | Elf:2    | Found a runed translucent gate.
 43609 | Elf:3    | Entered Level 3 of the Elven Halls
 43624 | Elf:3    | Found a flickering gateway to a bazaar.
 43626 | Elf:3    | Reached skill level 27 in Earth Magic
 43636 | Bazaar   | Entered a bazaar
 43638 | Bazaar   | Found Zeirus's Book Boutique.
 43642 | Bazaar   | Found Ezuam's Armour Boutique.
 43642 | Bazaar   | Found Qina's Assorted Antiques.
 43642 | Bazaar   | Found Vodghiti's Antique Armour Boutique.
 43773 | Bazaar   | Bought an iridescent staff for 288 gold pieces
 43773 | Bazaar   | Identified the staff of air "Gimanet" {rElec rC+} (You
                  | bought it in a shop in a bazaar)
 43943 | Elf:3    | Offered knowledge of Orb of Destruction by Vehumet.
 44035 | Elf:3    | Noticed a deep elf master archer
 44036 | Elf:3    | a +0 triple sword {longrare=g}; an elf corpse
 44037 | Elf:3    | Killed a deep elf master archer
 44212 | Elf:3    | Reached XP level 19. HP: 136/151 MP: 26/36
 44252 | Elf:3    | B - a +0 triple sword {longrare=g}
 44285 | Elf:3    | Identified the +1 broad axe "Uxze" {venom, Drain rElec rN+}
 44287 | Elf:3    | Reached skill level 15 in Spellcasting
 44295 | Elf:3    | Reached skill level 10 in Fighting
 44416 | Elf:3    | Reached skill level 11 in Fighting
 44427 | Elf:3    | Identified the +7 executioner's axe "Kefaath" {flame, rC+
                  | Will++ Stlth+}
 44537 | Elf:3    | C - the +7 executioner's axe "Kefaath" {flame, rC+ Will++
                  | Stlth+, axerare=g}
 44622 | Elf:3    | Reached skill level 12 in Fighting
 44685 | Elf:3    | Identified the +5 scimitar of Qateilosm {elec, Fly Dex+3}
 44725 | Elf:3    | Identified the +6 short sword of Symmetry {flame, rF- rC+
                  | Dex+6}
 44727 | Elf:3    | Got the Collected Works on the Grim Body
 44728 | Elf:3    | Identified the staff of earth "Wemaupli" {SInv}
 44748 | Elf:3    | You pick up a book of Misfortune and begin reading...
 44835 | Elf:3    | You add the spells Lesser Beckoning and Iskenderun's Mystic
                  | Blast to your library.
 44835 | Elf:3    | Got Sif Muna's Vellum of the Traveller
 45157 | Elf:3    | Offered knowledge of Fire Storm by Vehumet.
 45157 | Elf:3    | Offered knowledge of Polar Vortex by Vehumet.
 45157 | Elf:3    | Offered knowledge of Ignition by Vehumet.
 45244 | Elf:3    | Learned a level 5 spell: Freezing Cloud
 45334 | Elf:3    | Identified the ring of Adurghis {Fire Drain Str+4 Dex+3}
 45521 | Elf:3    | You drop a +0 triple sword {longrare=g}.
 45564 | Elf:3    | You drop the +7 executioner's axe "Kefaath" {flame, rC+
                  | Will++ Stlth+, axerare=g}.
 45615 | Elf:2    | Reached skill level 1 in Ice Magic
 45705 | Elf:2    | Reached skill level 2 in Ice Magic
 45750 | Elf:2    | Reached skill level 3 in Ice Magic
 45988 | Swamp:1  | Entered Level 1 of the Swamp
 46062 | Swamp:1  | Reached skill level 4 in Ice Magic
 46710 | Swamp:2  | Reached skill level 5 in Ice Magic
 46757 | Swamp:2  | Noticed Aizul
 46760 | Swamp:2  | Killed Aizul
 47050 | Swamp:2  | Reached skill level 6 in Ice Magic
 47972 | Swamp:3  | Noticed Nikola
 47975 | Swamp:3  | Killed Nikola
 47976 | Swamp:3  | Reached skill level 7 in Ice Magic
 47976 | Swamp:3  | Reached XP level 20. HP: 117/168 MP: 19/38
 48626 | Swamp:4  | Entered Level 4 of the Swamp
 48766 | Swamp:4  | Reached skill level 8 in Ice Magic
 49105 | Swamp:4  | Reached skill level 16 in Spellcasting
 49193 | Swamp:4  | You pick up a book of Weapons and begin reading...
 49362 | Swamp:4  | Noticed a bone dragon
 49370 | Swamp:4  | Killed a bone dragon
 49371 | Swamp:4  | Reached skill level 9 in Ice Magic
 49503 | Swamp:4  | Got a decaying rune of Zot
 50074 | Vaults:1 | Entered Level 1 of the Vaults
 50137 | Vaults:1 | Reached skill level 10 in Ice Magic
 50229 | Vaults:1 | Reached skill level 11 in Ice Magic
 50785 | Vaults:1 | Reached skill level 12 in Ice Magic
 51361 | Vaults:1 | Reached skill level 13 in Ice Magic
 51719 | Vaults:1 | Reached skill level 14 in Ice Magic
 51999 | Vaults:1 | Learned a level 9 spell: Polar Vortex
 52280 | Vaults:2 | Reached XP level 21. HP: 174/174 MP: 23/40
 52438 | Vaults:2 | Reached skill level 15 in Ice Magic
 53358 | Vaults:2 | Paralysed by a sphinx for 3 turns
 53365 | Vaults:2 | Reached skill level 16 in Ice Magic
 53631 | Vaults:2 | You pick up a book of Storms and begin reading...
 53631 | Vaults:2 | You add the spells Summon Lightning Spire and Plasma Beam
                  | to your library.
 53936 | Vaults:3 | Reached skill level 17 in Ice Magic
 54179 | Vaults:3 | Reached skill level 18 in Ice Magic
 54589 | Vaults:3 | Identified the +6 chain mail "Pajiamua" {Rampage *Corrode
                  | rElec Str-2}
 55305 | Vaults:3 | Found a staircase to the Crypt.
 55760 | Vaults:4 | Reached skill level 19 in Ice Magic
 55881 | Vaults:4 | Reached XP level 22. HP: 181/181 MP: 41/41
 56287 | Vaults:4 | Reached skill level 20 in Ice Magic
 56395 | Vaults:4 | You pick up a book of Changes and begin reading...
 56476 | Vaults:4 | You add the spells Olgreb's Toxic Radiance and Ozocubu's
                  | Refrigeration to your library.
 56483 | Vaults:4 | Identified the +0 robe of Sulaulixt {rF+}
 56492 | Vaults:4 | Learned a level 7 spell: Ozocubu's Refrigeration
 56498 | Vaults:4 | Acquired the +0 pair of gloves of Blue Skies {Drain Will+++
                  | Regen+ MP+9}
 56804 | Vaults:4 | Reached skill level 21 in Ice Magic
 57598 | Depths:1 | Entered Level 1 of the Depths
 57672 | Depths:1 | Found Loethu's Jewellery Emporium.
 58322 | Depths:1 | Reached skill level 22 in Ice Magic
 58381 | Depths:1 | Identified the ring of Foygu {Fly rC- Int+3}
 58541 | Depths:1 | Found a gateway to Hell.
 58650 | Depths:1 | You pick up a book of Iron and begin reading...
 58845 | Depths:1 | Found a one-way gate leading to the halls of Pandemonium.
 59440 | Depths:2 | Reached skill level 23 in Ice Magic
 59440 | Depths:2 | Reached XP level 23. HP: 177/188 MP: 12/42
 59549 | Depths:2 | You pick up a book of Unlife and begin reading...
 59594 | Depths:2 | Noticed a caustic shrike
 59594 | Depths:2 | Noticed a caustic shrike
 59599 | Depths:2 | Killed a caustic shrike
 59599 | Depths:2 | Killed a caustic shrike
 59665 | Depths:2 | Noticed a golden dragon
 59666 | Depths:2 | Noticed a golden dragon
 59693 | Depths:2 | Killed a golden dragon
 59693 | Depths:2 | Killed a golden dragon
 59708 | Depths:2 | Noticed Ubraesch's ghost (adept TrMo)
 59764 | Depths:2 | Killed Ubraesch's ghost
 59821 | Depths:2 | Found a transporter.
 59823 | Depths:2 | Found a transporter.
 59824 | Depths:2 | Identified the amulet of Gyc Poq {Acrobat +Blink rC+ Will-
                  | Dex+5}
 60066 | Depths:2 | Noticed a golden dragon
 60075 | Depths:2 | Killed a golden dragon
 60101 | Depths:2 | Identified the amulet "Sokockei" {RegenMP Regen+ rCorr
                  | Str-5 Int-2}
 60229 | Depths:2 | You pick up a book of Rime and begin reading...
 60229 | Depths:2 | You add the spells Frozen Ramparts and Summon Ice Beast to
                  | your library.
 60342 | Depths:2 | a reaper comes into view. It is wielding the +13 scythe of
                  | Curses {drain, curses, Drain}.
 60360 | Depths:2 | Reached skill level 24 in Ice Magic
 60653 | Depths:2 | Noticed Vv
 60710 | Depths:2 | Killed Vv
 61143 | Depths:2 | Found Rosiunas's Antique Armour Shop.
 61151 | Depths:2 | Bought a glowing kite shield for 232 gold pieces
 61433 | Depths:3 | Noticed the Enchantress
 61468 | Depths:3 | Killed the Enchantress
 61587 | Depths:3 | Reached skill level 25 in Ice Magic
 61743 | Depths:3 | Reached skill level 17 in Spellcasting
 61760 | Depths:3 | Reached XP level 24. HP: 195/195 MP: 40/43
 61863 | Depths:3 | Noticed Louise
 61870 | Depths:3 | Killed Louise
 62138 | Depths:3 | Learned a level 8 spell: Lehudib's Crystal Spear
 62345 | Depths:3 | Could not pick up a +2 lajatang of speed {staff} and a +0
                  | quick blade of venom {shortrare=g} here; ([A]lways) ignore
                  | them?
 63033 | Depths:4 | Entered Level 4 of the Depths
 63039 | Depths:4 | Identified +9 gold dragon scales
 63039 | Depths:4 | Noticed Parghit
 63042 | Depths:4 | Killed Parghit
 63045 | Depths:4 | Noticed a juggernaut
 63048 | Depths:4 | Killed a juggernaut
 63249 | Depths:4 | Reached skill level 5 in Conjurations
 63291 | Depths:4 | +9 gold dragon scales {rare}; 3 large rocks {=fthrowing}
 63294 | Depths:4 | L - +9 gold dragon scales {rare}
 63312 | Depths:3 | You finish putting on your +9 gold dragon scales {rare}.
 63317 | Depths:3 | You finish taking off your +9 gold dragon scales {rare}.
 63323 | Depths:3 | You drop +9 gold dragon scales {rare}.
 63611 | Depths:4 | Found a one-way gateway to a ziggurat.
 63635 | Depths:4 | Found a sparkling altar of Nemelex Xobeh.
 63686 | Depths:4 | Identified the +0 mace "Keggoc" {vamp, Contam rCorr Str-2
                  | Dex+8}
 63736 | Depths:4 | Found a gate to the Realm of Zot.
 64074 | Depths:4 | Found Seddaom's Weapon Shop.
 64426 | Vaults:5 | Entered Level 5 of the Vaults
 64427 | Vaults:5 | Noticed an ancient lich
 64428 | Vaults:5 | Reached skill level 13 in Fighting
 64428 | Vaults:5 | Reached skill level 26 in Ice Magic
 64433 | Vaults:5 | Killed an ancient lich
 64535 | Vaults:5 | Reached skill level 6 in Conjurations
 64539 | Vaults:5 | Identified +0 gold dragon scales
 64590 | Vaults:5 | Reached XP level 25. HP: 107/206 MP: 43/43
 64995 | Vaults:5 | Reached skill level 14 in Fighting
 65079 | Vaults:5 | Reached skill level 7 in Conjurations
 65080 | Vaults:5 | Identified the +8 mace of Valour {spect, rC+ rN+ rCorr
                  | Dex-4}
 65188 | Vaults:5 | L - +0 gold dragon scales {rare}
 65202 | Vaults:5 | Identified the ring "Dafoe" {rN+ Slay+4}
 65275 | Vaults:5 | Identified +0 gold dragon scales
 65276 | Vaults:5 | Reached skill level 27 in Ice Magic
 65345 | Vaults:5 | You drop +0 gold dragon scales {rare}.
 65346 | Vaults:5 | L - quicksilver dragon scales {rare}
 65361 | Vaults:4 | You finish putting on your quicksilver dragon scales
                  | {rare}.
 65366 | Vaults:4 | You finish taking off your quicksilver dragon scales
                  | {rare}.
 65432 | Vaults:5 | Noticed Margery
 65436 | Vaults:5 | Killed Margery
 65437 | Vaults:5 | Reached skill level 18 in Spellcasting
 65537 | Vaults:5 | Identified the +3 sling "Zanaus" {speed, rElec Will- Str+3}
 65584 | Vaults:5 | +0 shadow dragon scales {rare}; a shadow dragon corpse
 65734 | Vaults:5 | Identified the +2 quarterstaff of the Impish God {venom,
                  | Int+3}
 65743 | Vaults:5 | +0 shadow dragon scales {rare}; a shadow dragon corpse
 65832 | Vaults:5 | Found the amulet of Vitality {RegenMP++ Regen++}
 65842 | Vaults:5 | You pick up a book of Minor Magic and begin reading...
 65842 | Vaults:5 | You add the spells Call Imp and Mephitic Cloud to your
                  | library.
 65852 | Vaults:5 | You drop quicksilver dragon scales {rare}.
 65922 | Vaults:5 | Got Qaomiam's Encyclopedia of the Voyage
 66055 | Vaults:5 | Got the Precepts of Indurated Alteration {@e2}
 66067 | Vaults:5 | +0 storm dragon scales {rare}; a +1 scimitar of draining
                  | {long}
 66123 | Vaults:5 | You pick up a book of Spatial Translocations and begin
                  | reading...
 66296 | Vaults:5 | Identified the ring of Ceoxetyo {Fire Dex+2} (You took it
                  | off a yaktaur on level 5 of the Vaults)
 66306 | Vaults:5 | Could not pick up +0 shadow dragon scales {rare} here;
                  | ([A]lways) ignore it?
 66325 | Vaults:5 | Could not pick up +0 gold dragon scales {rare} here;
                  | ([A]lways) ignore it?
 66328 | Vaults:5 | +0 storm dragon scales {rare}; a +1 scimitar of draining
                  | {long}
 66328 | Vaults:5 | +0 storm dragon scales {rare}; a +1 scimitar of draining
                  | {long}
 66328 | Vaults:5 | Could not pick up +0 storm dragon scales {rare} here;
                  | ([A]lways) ignore it?
 66360 | Vaults:5 | Acquired 580 gold pieces
 66512 | Vaults:5 | Got a silver rune of Zot
 67068 | Crypt:1  | Entered Level 1 of the Crypt
 67185 | Crypt:1  | Identified the ring "Xogec" {Ice Int+3}
 67185 | Crypt:1  | Noticed Josephina
 67188 | Crypt:1  | Killed Josephina
 67229 | Crypt:1  | Reached skill level 8 in Conjurations
 67353 | Crypt:1  | Upgraded the game from 0.30-a0-948-g4fa250aae5 to
                  | 0.30-a0-949-g53dc5368d7
 67417 | Crypt:1  | Reached skill level 15 in Fighting
 67422 | Crypt:1  | Reached skill level 7 in Dodging
 67529 | Crypt:1  | Found a radiant altar of Vehumet.
 67530 | Crypt:1  | Found a transporter.
 67539 | Crypt:1  | You pick up a book of Spectacle and begin reading...
 67539 | Crypt:1  | You add the spells Dazzling Flash and Starburst to your
                  | library.
 67541 | Crypt:1  | You pick up a book of Frost and begin reading...
 67541 | Crypt:1  | You add the spells Freeze and Hailstorm to your library.
 67543 | Crypt:1  | You pick up a book of Rime and begin reading...
 67572 | Crypt:1  | Found a transporter.
 67573 | Crypt:1  | You pick up a book of Misfortune and begin reading...
 67585 | Crypt:1  | You pick up a book of Burglary and begin reading...
 68591 | Crypt:2  | Reached XP level 26. HP: 205/222 MP: 44/44
 69642 | Crypt:3  | Entered Level 3 of the Crypt
 69642 | Crypt:3  | Noticed a curse skull
 69644 | Crypt:3  | Killed a curse skull
 69667 | Crypt:3  | Reached skill level 8 in Dodging
 69840 | Crypt:3  | Found an ancient bone altar of Kikubaaqudgha.
 69868 | Crypt:3  | Reached skill level 16 in Fighting
 69935 | Crypt:3  | Found a basalt altar of Yredelemnul.
 69995 | Crypt:3  | You pick up a book of Displacement and begin reading...
 69995 | Crypt:3  | You add the spells Gell's Gravitas and Teleport Other to
                  | your library.
 70136 | Crypt:3  | Reached skill level 9 in Dodging
 70584 | Crypt:3  | Found a staircase to the Tomb.
 70778 | Crypt:3  | Found a basalt altar of Yredelemnul.
 70782 | Crypt:3  | You pick up a book of Weapons and begin reading...
 70785 | Crypt:3  | Found an ancient bone altar of Kikubaaqudgha.
 70795 | Crypt:3  | Identified the ring of Rekhist {rF+ rN+ Slay+3}
 70795 | Crypt:3  | Identified the ring of Sugoa {+Blink rF+++ rN+ rCorr Str-2}
 70804 | Crypt:3  | Identified the +1 sling "Xaelieje" {speed, Fragile +Blink
                  | Str+4 Dex+3}
 70837 | Crypt:3  | You add the spells Fireball, Metabolic Englaciation and
                  | Silence to your library.
 70837 | Crypt:3  | Got the Notes on Alluring Ashes
 71219 | Zot:1    | Entered Level 1 of the Realm of Zot
 71223 | Zot:1    | Reached skill level 19 in Spellcasting
 71367 | Zot:1    | Noticed an orb of fire
 71381 | Zot:1    | Killed an orb of fire
 71672 | Zot:1    | Reached skill level 10 in Dodging
 71682 | Zot:1    | Reached skill level 17 in Fighting
 71843 | Zot:1    | Found a transporter.
 72035 | Zot:1    | Identified the +0 pair of boots of Analysis {rElec rF-
                  | rN+++ Str-3}
 72095 | Zot:1    | Identified +0 gold dragon scales
 72187 | Zot:1    | +0 storm dragon scales {rare}; a storm dragon corpse
 72188 | Zot:1    | +0 shadow dragon scales {rare}; a shadow dragon corpse
 72207 | Zot:1    | +0 gold dragon scales {rare}; a +2 trident of protection
                  | {polearm}; a golden dragon corpse
 72271 | Zot:1    | Found a transporter.
 72271 | Zot:1    | Found the +0 pair of fencer's gloves {Riposte Dex+3}
 72280 | Zot:1    | Noticed a curse toe
 72282 | Zot:1    | Noticed an orb of fire
 72313 | Zot:1    | Killed an orb of fire
 72450 | Zot:1    | Killed a curse toe
 72536 | Zot:1    | Noticed a curse toe
 72542 | Zot:1    | Killed a curse toe
 72590 | Zot:1    | Noticed a curse toe
 72590 | Zot:1    | Noticed a curse toe
 72593 | Zot:1    | Noticed an ancient lich
 72599 | Zot:1    | Identified the ring "Gudghed" {Wiz Int+3}
 72629 | Zot:1    | Identified the ring of Qisoge {EV+5 Str+5 Int+4 Dex-3}
 72751 | Zot:2    | Noticed an orb of fire
 72759 | Zot:2    | Killed an orb of fire
 72810 | Zot:2    | Reached XP level 27. HP: 206/236 MP: 30/45
 72835 | Zot:2    | Identified +0 gold dragon scales
 72835 | Zot:2    | Noticed a curse toe
 72836 | Zot:2    | Reached skill level 11 in Dodging
 72868 | Zot:2    | Killed a curse toe
 73089 | Zot:2    | Identified the +7 war axe of Responsibility {vamp, Int+5}
 73092 | Zot:2    | Identified the ring of Faoghuh {rElec Will+ EV+5}
 73092 | Zot:2    | a rakshasa comes into view. It is wielding the +8 demon
                  | trident "Rift" {distort, reach+} and wearing the ring of
                  | Faoghuh {rElec Will+ EV+5}.
 73097 | Zot:2    | Reached skill level 18 in Fighting
 73098 | Zot:2    | Noticed Vaid's ghost (master GnFi)
 73099 | Zot:2    | Noticed a dread lich
 73121 | Zot:2    | Noticed an ancient lich
 73124 | Zot:2    | Killed an ancient lich
 73124 | Zot:2    | Killed a dread lich
 73155 | Zot:2    | Noticed an electric golem
 73161 | Zot:2    | Killed Vaid's ghost
 73186 | Zot:2    | Killed an electric golem
 73221 | Zot:2    | Found a transporter.
 73273 | Zot:2    | Found a transporter.
 73300 | Zot:2    | a +2 cloak; a +0 executioner's axe of distortion
                  | {!waxerare=g}; a black draconian skeleton
 73301 | Zot:2    | a +2 cloak; a +0 executioner's axe of distortion
                  | {!waxerare=g}; a black draconian skeleton
 73301 | Zot:2    | Could not pick up a +0 executioner's axe of distortion
                  | {!waxerare=g} here; ([A]lways) ignore it?
 73301 | Zot:2    | Could not pick up a +0 executioner's axe of distortion
                  | {!waxerare=g} here; ([A]lways) ignore it?
 73724 | Zot:2    | Reached skill level 20 in Spellcasting
 73753 | Zot:2    | +0 storm dragon scales {rare}; a storm dragon corpse
 73755 | Zot:2    | +0 storm dragon scales {rare}; a storm dragon corpse
 73948 | Zot:3    | Reached skill level 12 in Dodging
 74110 | Zot:3    | You pick up a book of Touch and begin reading...
 74110 | Zot:3    | You add the spells Kiss of Death and Confusing Touch to
                  | your library.
 74179 | Zot:3    | You pick up a book of Weapons and begin reading...
 74404 | Zot:3    | +0 storm dragon scales {rare}; a storm dragon corpse
 74787 | Zot:4    | Noticed a curse toe
 74802 | Zot:4    | Noticed a curse toe
 74806 | Zot:4    | Killed a curse toe
 74808 | Zot:4    | Killed a curse toe
 74809 | Zot:4    | Reached skill level 19 in Fighting
 74911 | Zot:4    | Identified +0 gold dragon scales
 74958 | Zot:4    | +0 gold dragon scales {rare}; a golden dragon corpse
 74968 | Zot:4    | +0 gold dragon scales {rare}; a golden dragon corpse
 75068 | Zot:4    | You pick up a book of Sloth and begin reading...
 75161 | Zot:4    | You pick up a book of Necromancy and begin reading...
 75167 | Zot:4    | Identified the +11 scimitar "Maehem" {vamp, Int+2 Dex+4
                  | Stlth+}
 75176 | Zot:4    | +0 gold dragon scales {rare}; a golden dragon skeleton
 75269 | Zot:4    | Found a transporter.
 75270 | Zot:4    | Identified the ring of Twilight {Ice Drain Dex+3 Slay+6}
 75272 | Zot:4    | Noticed an orb of fire
 75291 | Zot:4    | Found a transporter.
 75291 | Zot:4    | Noticed an orb of fire
 75294 | Zot:4    | Noticed a curse toe
 75336 | Zot:4    | Noticed a curse toe
 75604 | Zot:5    | Entered Level 5 of the Realm of Zot
 75725 | Zot:5    | Reached skill level 13 in Dodging
 76019 | Zot:5    | Noticed an orb of fire
 76035 | Zot:5    | Killed an orb of fire
 76035 | Zot:5    | Noticed an electric golem
 76066 | Zot:5    | Killed an electric golem
 76342 | Zot:5    | Noticed a curse toe
 76352 | Zot:5    | Killed a curse toe
 76723 | Zot:5    | Noticed an orb of fire
 76733 | Zot:5    | Killed an orb of fire
 76841 | Zot:5    | Reached skill level 20 in Fighting
 76940 | Zot:5    | Reached skill level 14 in Dodging
 77115 | Zot:5    | Reached skill level 21 in Spellcasting
 77293 | Zot:5    | Noticed an electric golem
 77301 | Zot:5    | Killed an electric golem
 77311 | Zot:5    | Noticed a dread lich
 77314 | Zot:5    | Killed a dread lich
 77316 | Zot:5    | Noticed an ancient lich
 77319 | Zot:5    | Killed an ancient lich
 77812 | Zot:5    | Identified the +4 long sword "Vyirphen" {holy, rPois rCorr
                  | Int+4 Dex+2}
 77848 | Zot:5    | Got the Orb of Zot
 78371 | D:$      | Escaped with the Orb!

Vanquished Creatures
  2 dread liches
  5 orbs of fire
  3 ancient liches
  A juggernaut (Depths:4)
  The ghost of Vaid the Gnoll Aeon, a master GnFi of Cheibriados (Zot:2)
  Josephina (Crypt:1)
  11 Killer Klowns
  Vv (Depths:2)
  Margery (Vaults:5)
  Parghit (Depths:4)
  2 caustic shrikes (Depths:2)
  6 curse toes
  Saint Roka (Orc:2)
  18 golden dragons
  3 profane servitors
  the Enchantress (Depths:3)
  Nikola (Swamp:3)
  2 bone dragons
  3 electric golems
  A Brimstone Fiend (Zot:5)
  Jorgrun (D:15)
  A walking crystal tome (Depths:3)
  24 tentacled monstrosities
  25 Orb Guardians (Zot:5)
  5 liches
  A deep elf blademaster (Elf:3)
  4 deep elf master archers (Elf:3)
  6 quicksilver dragons
  4 titans
  10 death cobs
  An Executioner (Zot:2)
  9 sphinxes
  10 ancient champions
  The ghost of Ubraesch the Brawler, an adept TrMo of Nemelex Xobeh (Depths:2)
  11 storm dragons
  13 shadow dragons
  4 draconian monks
  12 tengu reavers
  5 draconian knights
  Donald (Snake:3)
  14 fire giants
  4 revenants
  7 nagarajas
  3 iron dragons
  A balrug (Depths:1)
  Louise (Depths:3)
  Aizul (Swamp:2)
  19 vault wardens
  A juggernaut zombie (Crypt:1)
  6 draconian scorchers
  13 frost giants
  4 draconian shifters
  7 deep elf sorcerers (Elf:3)
  10 deep elf elementalists (Elf:3)
  2 ghost moths
  3 draconian stormcallers
  A curse skull (Crypt:3)
  7 ghouls (Crypt:3)
  2 orc warlords
  A war gargoyle (Vaults:4)
  A juggernaut skeleton (Crypt:3)
  3 spriggan defenders (Depths:3)
  3 cacodemons
  20 stone giants
  23 ironbound preservers
  6 reapers
  3 draconian annihilators
  41 very ugly things
  7 green draconians
  A caustic shrike skeleton (Crypt:1)
  6 vampire knights
  7 ironbound thunderhulks
  Azrael (D:14)
  7 black draconians
  6 eleionomae
  10 white draconians
  9 deep elf annihilators
  7 deep elf demonologists
  5 purple draconians
  8 spark wasps
  15 dire elephants
  8 red draconians
  8 yellow draconians
  A bunyip (Swamp:1)
  A blizzard demon (Depths:1)
  Snorg (D:12)
  7 deep elf death magi
  6 eidola
  A green death (Depths:2)
  An entropy weaver (shapeshifter) (Elf:3)
  2 mummy priests (Crypt:3)
  12 ettins
  4 crystal guardians
  8 jiangshi
  The ghost of Zinwir the Markskobold, a journeyman KoHu of Hepliaklqana (Lair:4)
  2 entropy weavers
  10 fire dragons
  2 shambling mangroves
  Fannar (D:12)
  Harold (D:12)
  3 great orbs of eyes
  A fenstrider witch zombie (Crypt:1)
  8 deep elf high priests
  13 yaktaur captains
  2 salamander tyrants (Snake:4)
  5 ice dragons
  3 peacekeepers
  4 spriggan air magi
  39 vault guards
  Erica (D:12)
  5 rakshasas
  3 anacondas
  9 hydras
  2 ghost crabs
  7 ironbound frosthearts
  23 centaur warriors
  A two-headed ogre (D:8)
  6 boulder beetles
  14 death yaks
  29 dancing weapons
  10 naga warriors
  6 alligators
  10 deep troll shamans
  2 thrashing horrors (Lair:5)
  A spriggan berserker (Depths:3)
  Urug (Lair:2)
  5 vampire magi
  2 orc high priests
  A shock serpent (shapeshifter) (Vaults:5)
  16 naga sharpshooters
  2 soul eaters
  2 sun demons
  10 deep troll earth magi
  4 shock serpents
  24 hell knights
  12 tengu warriors
  25 skeletal warriors
  5 shadow wraiths (Crypt:3)
  7 iron trolls
  2 storm dragon skeletons
  A fire crab (D:9)
  A skyshark (Lair:5)
  3 goliath frogs
  11 deep elf knights
  3 salamander mystics
  76 deep trolls
  A sea snake (shapeshifter) (Vaults:5)
  2 spriggan druids
  A death drake (Swamp:4)
  3 flayed ghosts
  2 spectral hydras (Swamp:4)
  4 glowing orange brains
  An orb spider (shapeshifter) (Elf:2)
  2 swamp dragons
  A spriggan simulacrum (Crypt:1)
  22 ironbound convokers
  An obsidian statue (D:11)
  6 bog bodies
  8 deep elf archers
  A harpy (D:13)
  14 phantasmal warriors
  2 harpies (shapeshifter)
  5 wizards
  8 naga ritualists
  18 necromancers
  14 orc knights
  A shadow dragon zombie (Vaults:4)
  17 deep elf zephyrmancers
  5 oklob plants
  35 deep elf pyromancers
  8 lindwurms
  3 orc sorcerers
  A fire giant zombie (Vaults:3)
  10 salamanders
  9 mana vipers
  4 will-o-the-wisps
  37 ugly things
  An iron dragon zombie (Crypt:2)
  9 cyclopes
  19 moths of wrath
  6 manticores
  2 sphinx zombies (Crypt:2)
  An elf zombie (Vaults:4)
  Maurice (D:10)
  4 guardian serpents
  2 frost giant skeletons
  3 fire giant skeletons
  A centaur zombie (Crypt:1)
  3 stone giant skeletons
  An eleionoma skeleton (Crypt:1)
  2 gargoyles (D:13)
  2 ice statues (D:14)
  5 cane toads
  30 black mambas
  21 vault sentinels
  6 smoke demons
  14 naga magi
  A storm dragon simulacrum (Crypt:1)
  2 centaur skeletons (Crypt:3)
  A yaktaur zombie (Vaults:4)
  4 human zombies
  38 yaktaurs
  3 hellions
  An unseen horror (D:9)
  6 freezing wraiths
  3 kobold demonologists
  A naga skeleton (Crypt:1)
  A yaktaur (shapeshifter) (D:13)
  8 tengu conjurers
  6 guardian mummies
  7 komodo dragons
  A sea snake zombie (Crypt:2)
  An efreet (Zot:1)
  2 komodo dragons (shapeshifter) (D:14)
  4 swamp worm zombies
  An alligator snapping turtle skeleton (Crypt:2)
  A rime drake (Lair:5)
  2 ancient zymes (Lair:5)
  2 yaktaur skeletons (Vaults:3)
  6 ice devils
  A hydra zombie (Swamp:4)
  A harpy zombie (Crypt:1)
  2 red devils
  A polar bear (Lair:2)
  2 spectral guardian serpents (Crypt:1)
  3 bloated husks
  4 spectral swamp dragons (Swamp:4)
  9 trolls
  2 hellwings (D:13)
  A polar bear (shapeshifter) (D:15)
  15 tyrant leeches
  6 hornets
  A hydra skeleton (Crypt:2)
  An iron dragon simulacrum (Crypt:1)
  16 dream sheep
  29 blink frogs
  6 alligator zombies (Swamp:4)
  A radroach zombie (Crypt:3)
  A fire giant simulacrum (Vaults:2)
  A frost giant simulacrum (Vaults:4)
  3 human simulacra
  Sigmund (D:2)
  3 centaur simulacra
  An air elemental (Elf:1)
  21 slime creatures
  6 flying skulls (Crypt:1)
  A culicivora (shapeshifter) (Elf:2)
  3 ynoxinuls (Lair:5)
  2 jumping spiders
  36 yaks
  An ice dragon skeleton (Crypt:1)
  9 spriggans
  10 water elementals
  2 wyverns
  A vampire (D:11)
  2 ushabtiu (Crypt:3)
  An ettin skeleton (Vaults:3)
  14 basilisks
  2 wraiths
  Eustachio (D:6)
  11 fire elementals
  4 redbacks
  A steam dragon (D:6)
  8 vampire mosquitoes
  18 swamp worms
  2 chaos spawn
  A redback simulacrum (D:14)
  3 glowing shapeshifter zombies
  A harpy simulacrum (Crypt:1)
  2 wargs
  An acid dragon (D:13)
  A swamp worm (shapeshifter) (Depths:1)
  32 nagas
  16 water moccasins
  3 hell hounds
  3 large abominations (Lair:5)
  2 black bears
  A glowing shapeshifter skeleton (Vaults:3)
  A two-headed ogre skeleton (Crypt:1)
  A sky beast (D:8)
  34 orc warriors
  An ice beast (D:7)
  6 swamp dragon zombies (Swamp:4)
  4 swamp drakes
  An ettin simulacrum (Crypt:1)
  2 lindwurm zombies
  A black mamba simulacrum (Crypt:1)
  9 ogres
  A blink frog zombie (Crypt:3)
  A torpor snail zombie (Crypt:2)
  A boggart (Vaults:2)
  4 wolves (Lair:5)
  A hog zombie (Crypt:2)
  10 centaurs
  A manticore skeleton (Crypt:2)
  4 phantoms (Swamp:4)
  Blork the orc (D:6)
  4 gnoll sergeants
  12 bullfrogs
  2 necrophages (Crypt:3)
  4 earth elementals
  5 human skeletons
  5 kobold brigands
  A scorpion (D:5)
  A demonspawn simulacrum (Crypt:1)
  5 wights (D:9)
  A spriggan zombie (Crypt:1)
  16 killer bees
  A troll skeleton (Crypt:1)
  8 howler monkeys
  3 crimson imps (Depths:1)
  A black bear zombie (Crypt:2)
  A bullfrog zombie (Crypt:3)
  2 gnoll boudas
  3 hounds
  2 jellies
  25 orc priests
  6 iron imps (Crypt:3)
  A boggart zombie (Crypt:3)
  3 iguanas
  Natasha (thrice) (D:3)
  27 orc wizards
  3 sleepcaps
  A spectral swamp drake (Swamp:4)
  10 small abominations
  4 mummies (Depths:2)
  A howler monkey zombie (Crypt:2)
  Robin (D:2)
  28 gnolls
  7 adders
  2 swamp drake zombies
  4 white imps
  2 ufetubi (D:3)
  2 worms
  A lava snake skeleton (Crypt:3)
  4 dart slugs
  104 orcs
  5 ball pythons
  4 bats
  A bat zombie (Crypt:1)
  5 endoplasms
  3 giant cockroaches
  14 goblins
  11 hobgoblins
  4 jackals
  2 quokkas
  5 frilled lizards
  A jackal skeleton (Crypt:1)
  18 kobolds
  6 rats
  3 bushes
2302 creatures vanquished.

Vanquished Creatures (collateral kills)
  The ghost of Usinnox the Warrior, a journeyman OpFi of Okawaru (D:15)
  An ogre mage (D:15)
  2 tengu warriors (D:14)
  A manticore (D:15)
5 creatures vanquished.

Vanquished Creatures (others)
  A very ugly thing (Vaults:5)
  A spriggan (Depths:3)
  An efreet (D:13)
  3 bloated husks
  A hornet (Depths:3)
  An air elemental (Elf:1)
  2 foxfires (Swamp:3)
  73 fungi
  70 plants
  2 withered plants (Lair:5)
155 creatures vanquished.

Grand Total: 2462 creatures vanquished

Table legend:
 A = Non-vault XP
 B = Vault XP
 C = Vault XP percentage of total XP
 D = Non-vault monster count
 E = Vault monster count
 F = Vault count percentage of total count
                 A         B        C        D         E       F
            +---------+---------+-------+---------+---------+-------
      Total |  810132 |  699651 |  46.3 |    1410 |     889 |  38.7
            +---------+---------+-------+---------+---------+-------
        D:1 |      52 |       2 |   3.7 |      24 |       1 |   4.0
        D:2 |      35 |     274 |  88.7 |      13 |      13 |  50.0
        D:3 |     236 |      36 |  13.2 |      24 |       1 |   4.0
        D:4 |     221 |       0 |   0.0 |      12 |       0 |   0.0
        D:5 |     856 |       0 |   0.0 |      29 |       0 |   0.0
        D:6 |     914 |     292 |  24.2 |      20 |       2 |   9.1
        D:7 |    1580 |       0 |   0.0 |      19 |       0 |   0.0
        D:8 |    2423 |     529 |  17.9 |      18 |       1 |   5.3
        D:9 |    3512 |    5124 |  59.3 |      42 |       7 |  14.3
       D:10 |    2309 |     480 |  17.2 |      24 |       1 |   4.0
       D:11 |    4299 |     662 |  13.3 |      36 |       1 |   2.7
       D:12 |    5416 |    6043 |  52.7 |      22 |      30 |  57.7
       D:13 |    8618 |   17342 |  66.8 |      19 |      29 |  60.4
       D:14 |    9854 |    4551 |  31.6 |      20 |       9 |  31.0
       D:15 |    4591 |   14176 |  75.5 |       7 |      25 |  78.1
     Temple |      35 |       0 |   0.0 |       1 |       0 |   0.0
     Lair:1 |    4386 |       0 |   0.0 |      16 |       0 |   0.0
     Lair:2 |    3964 |    2304 |  36.8 |      15 |       6 |  28.6
     Lair:3 |    5441 |     856 |  13.6 |      11 |       4 |  26.7
     Lair:4 |   10498 |    3917 |  27.2 |      29 |      10 |  25.6
     Lair:5 |   15062 |   10127 |  40.2 |      43 |      36 |  45.6
    Swamp:1 |    9412 |       0 |   0.0 |      20 |       0 |   0.0
    Swamp:2 |    8855 |    1231 |  12.2 |      14 |       1 |   6.7
    Swamp:3 |   10797 |    2904 |  21.2 |      25 |       2 |   7.4
    Swamp:4 |    5921 |   13704 |  69.8 |      11 |      40 |  78.4
    Snake:1 |   10855 |       0 |   0.0 |      22 |       0 |   0.0
    Snake:2 |   11535 |       0 |   0.0 |      24 |       0 |   0.0
    Snake:3 |   12899 |    1297 |   9.1 |      26 |       1 |   3.7
    Snake:4 |   19702 |   24242 |  55.2 |      37 |      36 |  49.3
      Orc:1 |    4125 |       3 |   0.1 |      36 |       1 |   2.7
      Orc:2 |    2807 |    6096 |  68.5 |      17 |      66 |  79.5
      Elf:1 |   22324 |    8928 |  28.6 |      37 |      14 |  27.5
      Elf:2 |   13401 |   17066 |  56.0 |      22 |      22 |  50.0
      Elf:3 |   10479 |   54867 |  84.0 |      18 |      67 |  78.8
   Vaults:1 |   37486 |   27206 |  42.1 |      53 |      34 |  39.1
   Vaults:2 |   19698 |   12622 |  39.1 |      35 |      20 |  36.4
   Vaults:3 |   31586 |   29253 |  48.1 |      42 |      46 |  52.3
   Vaults:4 |   38468 |   26212 |  40.5 |      52 |      40 |  43.5
   Vaults:5 |   33583 |  119252 |  78.0 |      42 |     100 |  70.4
    Crypt:1 |   21343 |   16722 |  43.9 |      41 |      20 |  32.8
    Crypt:2 |   12928 |    5101 |  28.3 |      23 |       6 |  20.7
    Crypt:3 |   35262 |   29074 |  45.2 |      47 |      36 |  43.4
   Depths:1 |   36384 |    6562 |  15.3 |      43 |      16 |  27.1
   Depths:2 |   35157 |   59990 |  63.0 |      44 |      55 |  55.6
   Depths:3 |   42072 |   14022 |  25.0 |      45 |      14 |  23.7
   Depths:4 |   47876 |   15520 |  24.5 |      51 |      11 |  17.7
      Zot:1 |   59111 |   13305 |  18.4 |      45 |       6 |  11.8
      Zot:2 |   48069 |   29807 |  38.3 |      31 |      16 |  34.0
      Zot:3 |   37298 |       0 |   0.0 |      31 |       0 |   0.0
      Zot:4 |   31347 |    3114 |   9.0 |      23 |       1 |   4.2
      Zot:5 |   15050 |   94836 |  86.3 |       9 |      42 |  82.4
            +---------+---------+-------+---------+---------+-------

Illustrated notes

Table legend:
 A = Kills in this place as a percentage of kills in the entire game.
 B = Kills by you in this place as a percentage of kills by you in the entire game.
 C = Kills by friends in this place as a percentage of kills by friends in the entire game.
 D = Other kills in this place as a percentage of other kills in the entire game.
 E = Experience gained in this place as a percentage of experience gained in the entire game.
 F = Experience gained in this place divided by the number of levels of this place that you have seen.
                   A       B       C       D       E      F
               +-------+-------+-------+-------+-------+----------------------
         Total | 100.0 | 100.0 | 100.0 | 100.0 | 100.0 | 29165.4
       Dungeon |  19.7 |  19.5 | 100.0 |   0.0 |   6.5 | 6545.5
        Temple |   0.0 |   0.0 |   0.0 |   0.0 |   0.0 |  35.0
          Lair |   7.4 |   7.4 |   0.0 |   0.0 |   3.7 | 11311.0
         Swamp |   4.9 |   4.9 |   0.0 |   0.0 |   3.5 | 13206.0
     Snake Pit |   6.3 |   6.4 |   0.0 |   0.0 |   5.3 | 20132.5
  Orcish Mines |   5.2 |   5.2 |   0.0 |   0.0 |   0.9 | 6515.5
   Elven Halls |   7.8 |   7.8 |   0.0 |   0.0 |   8.4 | 42355.0
        Vaults |  20.1 |  20.1 |   0.0 |  33.3 |  24.8 | 75073.2
         Crypt |   7.5 |   7.5 |   0.0 |   0.0 |   7.9 | 40143.3
        Depths |  12.1 |  12.1 |   0.0 |  66.7 |  17.0 | 64588.5
           Zot |   8.9 |   9.0 |   0.0 |   0.0 |  22.0 | 66845.2
               +-------+-------+-------+-------+-------+----------------------

Table legend: (Time is in decaauts)
 A = Elapsed time spent in this place.
 B = Non-inter-level travel time spent in this place.
 C = Inter-level travel time spent in this place.
 D = Time resting spent in this place.
 E = Time spent auto-exploring this place.
 F = Levels seen in this place.
 G = Mean time per level.
                   A        B        C        D        E       F      G
               +--------+--------+--------+--------+--------+-----+--------+
         Total |  79206 |  72684 |   6522 |  18583 |  35413 |  52 | 1523.2 |
       Dungeon |  25981 |  23066 |   2915 |   6816 |  11603 |  15 | 1732.1 |
        Temple |     77 |     68 |      9 |     33 |      0 |   1 |   77.0 |
          Lair |   9839 |   8949 |    890 |   2507 |   4289 |   5 | 1967.8 |
         Swamp |   3738 |   3538 |    200 |   1071 |   1920 |   4 |  934.5 |
     Snake Pit |   5148 |   4826 |    322 |    963 |   2381 |   4 | 1287.0 |
  Orcish Mines |   2364 |   2149 |    215 |    384 |   1118 |   2 | 1182.0 |
   Elven Halls |   4575 |   4392 |    183 |   1240 |   1894 |   3 | 1525.0 |
        Vaults |   9971 |   9170 |    801 |   1813 |   4587 |   5 | 1994.2 |
         Crypt |   3868 |   3631 |    237 |    384 |   1883 |   3 | 1289.3 |
        Depths |   6774 |   6336 |    438 |   1451 |   3131 |   4 | 1693.5 |
           Zot |   6718 |   6409 |    309 |   1819 |   2606 |   5 | 1343.6 |
        Bazaar |    149 |    149 |      0 |    100 |      0 |   1 |  149.0 |
               +--------+--------+--------+--------+--------+-----+--------+

Top non-repeatable levels by time:
    D:13: 3162 daAuts
     D:9: 2961 daAuts
    D:12: 2409 daAuts
  Lair:4: 2301 daAuts
    D:15: 2269 daAuts
Vaults:4: 2195 daAuts
  Lair:5: 2159 daAuts
Depths:1: 2130 daAuts
Depths:2: 2078 daAuts
Vaults:1: 2042 daAuts
Vaults:3: 2033 daAuts
Vaults:5: 1977 daAuts
  Lair:2: 1973 daAuts
   Zot:5: 1895 daAuts
    D:14: 1819 daAuts
